 Dungeon Crawl Stone Soup version 0.27-a0-1188-g73eefd5def (webtiles) character file.

Game seed: 15659881715732643768

25 chippings the Cudgeller (level 2, -2/23 HPs)
             Began as a Mummy Gladiator on May 20, 2021.
             Slain by Terence
             ... wielding a +0 mace
              (5 damage)
             ... on level 2 of the Dungeon.
             The game lasted 00:01:20 (1133 turns).

chippings the Cudgeller (Mummy Gladiator)           Turns: 1133, Time: 00:01:22

Health: -2/23      AC:  7    Str: 17    XL:     2   Next: 82%
Magic:  2/2        EV: 11    Int:  7    God:
Gold:   38         SH:  0    Dex: 13    Spells: 1/1 levels left

rFire    x . .     SeeInvis .   a - +0 flail
rCold    + . .     Faith    .   (no shield)
rNeg     + + +     Spirit   .   e - +0 ring mail
rPois    ∞         Reflect  .   c - +0 helmet
rElec    .         Harm     .   f - +0 cloak
rCorr    .         Rampage  .   (no gloves)
Will     .....                  (no boots)
Stlth    +.........             (no amulet)
HPRegen  0.07/turn              (no ring)
MPRegen  0.08/turn              (no ring)

@: no status effects
A: cold resistance 1, negative energy resistance 3, torment resistance 2, heat
vulnerability 1, no potions
a: no special abilities


You were on level 2 of the Dungeon.
You visited 1 branch of the dungeon, and saw 2 of its levels.

You collected 38 gold pieces.

Inventory:

Hand Weapons
 a - a +0 flail (weapon)
Missiles
 d - 3 throwing nets (quivered)
Armour
 c - a +0 helmet (worn)
 e - a +0 ring mail (worn)
 f - a +0 cloak (worn)
 g - a +1 cloak
Scrolls
 b - a scroll of teleportation {unknown}


   Skills:
 + Level 2.4 Fighting
 * Level 3.1 Maces & Flails
 - Level 1.5 Throwing
 - Level 2.4 Dodging


You had one spell level left.
You didn't know any spells.
Your spell library was empty.

Dungeon Overview and Level Annotations

Branches:
Dungeon (2/15)

Altars:
Hepliaklqana

Annotations:
D:2 Terence


Innate Abilities, Weirdness & Mutations

You are immune to poison.
Your flesh is cold resistant. (rC+)
You are immune to negative energy. (rN+++)
You are immune to unholy pain and torment.
You are vulnerable to heat. (rF-)
You do not drink.


Message History

There is a stone staircase leading down here.
You climb downwards.
There is a stone staircase leading up here.
Found a stone staircase leading up.
There is a stone staircase leading up here.
Found a hazy altar of Hepliaklqana.
Found a runed cloak.
Terence the Incautious comes into view.
He is wielding a +0 mace.
Terence shouts!
You see here a +1 cloak.
g - a +1 cloak
Press: ? - help, v - describe, . - travel
Here: Terence, wielding a +0 mace and wearing a +0 scale mail The floor.
You aren't carrying any items that you can evoke.
You hit Terence but do no damage. Terence hits you with a +0 mace.
You hit Terence.
Terence is lightly wounded.
Terence completely misses you.
You hit Terence.
Terence is heavily wounded.
Terence shouts, "Now you die!" Terence completely misses you.
You closely miss Terence.
Terence is heavily wounded.
Terence hits you with a +0 mace.
You hit Terence but do no damage.
Terence is heavily wounded.
Terence hits you with a +0 mace. Terence closely misses you.
You hit Terence but do no damage.
Terence is moderately wounded.
Terence hits you with a +0 mace!
* * * LOW HITPOINT WARNING * * *
You barely miss Terence.
Terence is moderately wounded.
Terence closely misses you.
You hit Terence.
Terence is severely wounded.
Terence hits you with a +0 mace.
You die...

#.# #.# #.# _. #+
#.# .... #.# #.#
....##.# #.# .#
#...## #@# ..
#....########@#
.###.............#
..........########
..........#
..........#
.###...#### .#
#.<.# .# #...# ##
#####


You could see Terence.

Vanquished Creatures
  3 ball pythons (D:1)
  4 endoplasms (D:1)
  2 giant cockroaches (D:1)
  A goblin (D:1)
  4 jackals (D:1)
  A quokka (D:1)
  A bat (D:1)
  2 frilled lizards (D:1)
  4 kobolds (D:1)
  A rat (D:1)
23 creatures vanquished.

Notes
Turn   | Place    | Note
-------+----------+-------------------------------------------
     0 | D:1      | chippings the Mummy Gladiator began the quest for the Orb.
     0 | D:1      | Reached XP level 1. HP: 16/16 MP: 1/1
   575 | D:1      | Reached XP level 2. HP: 22/22 MP: 2/2
   642 | D:1      | Reached skill level 3 in Maces & Flails
   843 | D:1      | Found a faded altar of an unknown god.
  1115 | D:2      | Found a hazy altar of Hepliaklqana.
  1122 | D:2      | Noticed Terence
  1133 | D:2      | Slain by Terence

Illustrated notes

Levels and vault maps discovered:
D:1:      amcnicky_arrival_choice, layout_loops_ring,
          hellmonk_ecumenical_altar_inner_sanctum, kennysheep_doodads
D:2:      minmay_skewed_foursquare, layout_loops_corners, basic_altar,
          kennysheep_generic_room_4, uniq_terence, uniq_natasha

Skill      XL: |  1  2 |
---------------+-------+-----
Maces & Flails | 3 |  3.1
Fighting       | |  2.4
Throwing       | |  1.5
Dodging        | |  2.4

Action                   || total
-------------------------++-------
Melee: Flail             ||    72
Armor: Ring mail         ||    23
       Leather armour    ||     2
Dodge: Dodged            ||    43

Table legend: (Time is in decaauts)
 A = Elapsed time spent in this place.
 B = Non-inter-level travel time spent in this place.
 C = Inter-level travel time spent in this place.
 D = Time resting spent in this place.
 E = Time spent auto-exploring this place.
 F = Levels seen in this place.
 G = Mean time per level.
                   A        B        C        D        E       F      G
               +--------+--------+--------+--------+--------+-----+--------+
         Total |   1151 |   1135 |     16 |      0 |    866 |   2 |  575.5 |
       Dungeon |   1151 |   1135 |     16 |      0 |    866 |   2 |  575.5 |
               +--------+--------+--------+--------+--------+-----+--------+

Top non-repeatable levels by time:
     D:1: 1116 daAuts
     D:2: 35 daAuts
